 Dungeon Crawl Stone Soup version 0.29.1-1-gd02db6906a (webtiles) character file.

Game seed: 1903299747883936975

4 tardwrangler69 the Slasher (level 1, -3/20 HPs)
             Began as a Minotaur Chaos Knight on Sept 28, 2022.
             Was a Plaything of Xom.
             Slain by a gnoll
             ... wielding a +0 whip of electrocution
              (12 damage)
             ... on level 1 of the Dungeon.
             The game lasted 00:00:13 (166 turns).

tardwrangler69 the Slasher (Minotaur Chaos Knight)   Turns: 166, Time: 00:00:13

Health: -3/20      AC:  5    Str: 16    XL:     1   Next: 58%
Magic:  0/0        EV: 11    Int:  9    God:    Xom [..*...]
Gold:   42         SH:  0    Dex:  9    Spells: 0/0 levels left

rFire   . . .      SeeInvis .   a - +0 falchion (chaos)
rCold   . . .      Faith    .   (no shield)
rNeg    . . .      Spirit   .   b - +2 leather armour
rPois   .          Reflect  .   (helmet restricted)
rElec   .          Harm     .   (no cloak)
rCorr   .          Rampage  .   (no gloves)
Will    .....                   (no boots)
Stlth   +.........              (no amulet)
HPRegen 0.06/turn               (no ring)
MPRegen 0.07/turn               (no ring)

@: no status effects
A: horns 2, retaliatory headbutt
a: Renounce Religion


You were on level 1 of the Dungeon.
You worshipped Xom.
You were a toy of Xom.
You visited 1 branch of the dungeon, and saw 1 of its levels.

You collected 42 gold pieces.

Inventory:

Hand Weapons
 a - a +0 falchion of chaos (weapon)
Armour
 b - a +2 leather armour (worn)
Potions
 d - a potion of might {unknown}
Miscellaneous
 c - a piece from Xom's chessboard (15/15) (quivered)


   Skills:
 + Level 3.8 Fighting
 * Level 3.9 Long Blades
 - Level 2.4 Armour
 - Level 1.1 Dodging


You couldn't memorise any spells.
You didn't know any spells.
Your spell library was empty.

Dungeon Overview and Level Annotations

Branches:
Dungeon (1/15)

Altars:


Innate Abilities, Weirdness & Mutations

You have a pair of horns on your head.
You reflexively headbutt those who attack you in melee.


Message History

No target in view!
A goblin comes into view. It is wielding a +0 dagger.
The goblin shouts!
A goblin is nearby!
A goblin is nearby!
The goblin hits you with a +0 dagger.
You hit the goblin.
The goblin is moderately wounded.
The goblin hits you but does no damage.
You hit the goblin but do no damage.
The goblin is moderately wounded.
The goblin closely misses you. You furiously retaliate!
You headbutt the goblin!
You kill the goblin!
Found 8 stones.
A gnoll comes into view.
It is wielding a +0 whip of electrocution.
The gnoll shouts!
A gnoll is nearby!
The gnoll hits you with a +0 whip of electrocution.
You hit the gnoll.
The gnoll is moderately wounded.
The gnoll blinks!
The gnoll completely misses you.
You hit the gnoll.
The gnoll resists with some effort.
The gnoll is moderately wounded.
The gnoll closely misses you.
You closely miss the gnoll. You headbutt the gnoll.
The gnoll is severely wounded.
The gnoll hits you with a +0 whip of electrocution!
You barely miss the gnoll.
The gnoll is severely wounded.
The gnoll hits you with a +0 whip of electrocution.
You are too injured to fight recklessly!
You are too injured to fight recklessly!
You barely miss the gnoll.
The gnoll is severely wounded.
The gnoll hits you with a +0 whip of electrocution.
You are electrocuted!
Ouch! That really hurt!
You die...

########...# #....#
#.....##.... #....#
#.....##....
##....####.....##....
#.......##..)..##....
#.......##.....##....
#.......##.....##....
#.......###....##....
#..g@...# #....##....
#.......# #....##....
#..(....###....######
#....................
###########....######
#....# #....# ######


You could see a gnoll.

Vanquished Creatures
  A bat (D:1)
  A giant cockroach (D:1)
  A goblin (D:1)
  A frilled lizard (D:1)
4 creatures vanquished.

Notes
Turn   | Place    | Note
-------+----------+-------------------------------------------
     0 | D:1      | tardwrangler69 the Minotaur Chaos Knight began the quest
                  | for the Orb.
     0 | D:1      | Reached XP level 1. HP: 19/19 MP: 0/0
    64 | D:1      | Found a faded altar of an unknown god.
   166 | D:1      | Slain by a gnoll

Illustrated notes

Levels and vault maps discovered:
D:1:      lightli_arrival_statuegarden, layout_basic,
          shapermc_ecumenical_altar_gd, minmay_pentomino_q2

Action                   || total
-------------------------++-------
Melee: Falchion          ||    11
       Headbutt          ||     2
Armor: Leather armour    ||     2
Dodge: Dodged            ||     6
